 Dungeon Crawl Stone Soup version 0.23.0 (webtiles) character file.

Game seed: 13316318033803780290

377 Gazerockf the Covert (level 6, -2/32 HPs)
             Began as a Vine Stalker Monk on Feb 17, 2019.
             Was a Believer of Dithmenos.
             Killed by nerve-wracking pain
             ... invoked by an orc priest
              (3 damage)
             ... on level 6 of the Dungeon.
             The game lasted 00:13:11 (3773 turns).

Gazerockf the Covert (Vine Stalker Monk)            Turns: 3773, Time: 00:13:12

Health: -2/32      AC:  8    Str: 14    XL:     6   Next: 73%
Magic:  0/7        EV: 13    Int: 10    God:    Dithmenos [**....]
Gold:   191        SH:  0    Dex: 18    Spells: 5/5 levels left

rFire    . . .     SeeInvis +   a - +0 short sword
rCold    . . .     Gourm    .   (no shield)
rNeg     + . .     Faith    .   b - +1 robe
rPois    .         Spirit   +   q - +0 helmet {SInv}
rElec    .         Reflect  .   (no cloak)
rCorr    .         Harm     .   (no gloves)
MR       .....                  (no boots)
Stlth    +++++.....             x - amulet of guardian spirit
HPRegen  0.50/turn              k - ring of positive energy
MPRegen  0.10/turn              m - +4 ring of protection

@: wreathed by umbra
A: fangs 2, regeneration 1, magic shield, antimagic bite, no potion heal 3, rot
immunity
a: Shadow Step, Renounce Religion


You were on level 6 of the Dungeon.
You worshipped Dithmenos.
Dithmenos was pleased with you.
You were hungry.

You visited 2 branches of the dungeon, and saw 7 of its levels.

You collected 191 gold pieces.

Inventory:

Hand Weapons
 a - a +0 short sword (weapon)
Armour
 b - a +1 robe (worn)
 h - a +2 helmet
 q - a +0 helmet of see invisible (worn)
Jewellery
 k - a ring of positive energy (left hand)
 m - a +4 ring of protection (right hand)
 r - an uncursed ring of ice
 v - an uncursed ring of fire
 w - a cursed -3 ring of strength
 x - an amulet of guardian spirit (around neck)
Scrolls
 d - a scroll of fog {unknown}
 g - a scroll of enchant armour
 i - 2 scrolls of amnesia {unknown}
 j - 2 scrolls of teleportation
 l - a scroll of remove curse {unknown}
 n - a scroll of fear {unknown}
 s - a scroll of magic mapping {unknown}
 u - a scroll of blinking {unknown}
Potions
 e - a potion of might {unknown}
 o - a potion of magic {unknown}
 p - a potion of curing {unknown}
 t - a potion of degeneration {unknown}
Comestibles
 c - 14 rations


   Skills:
 - Level 3.4 Fighting
 - Level 3.3 Short Blades
 - Level 2.4 Dodging
 * Level 8.0 Stealth


You had 5 spell levels left.
You didn't know any spells.
Your spell library contained the following spells:

 Spells                   Type           Power        Failure   Level  Hunger
 Sting                    Conj/Pois      #...         36%         1    ##.....
 Poisonous Vapours        Pois/Air       #.....       50%         2    ###....
 Mephitic Cloud           Conj/Pois/Air  #.......     75%         3    ####...
 Olgreb's Toxic Radiance  Pois           #.......     98%         4    #####..
 Venom Bolt               Conj/Pois      #.........   100%        5    ######.


Dungeon Overview and Level Annotations

Branches:
Dungeon (6/15)             Temple (1/1) D:4

Altars:
Ashenzari
Dithmenos
Elyvilon
Kikubaaqudgha
Nemelex Xobeh
Okawaru
Trog
Uskayaw
Wu Jian
Xom
Yredelemnul
Zin
The Shining One

Shops:
D:4 *


Innate Abilities, Weirdness & Mutations

You have extremely sharp teeth.
Your natural rate of healing is unusually fast.
When hurt, damage is shared between your health and your magic reserves.
Your bite disrupts and absorbs the magic of your enemies.
Potions cannot restore your health.
You are immune to rotting.


Message History

The orc priest misses you.
The orc wizard hits you but does no damage.
You climb downwards.
A quokka comes into view.
There is a stone staircase leading up here.
You hit the orc priest but do no damage.
You bite the orc priest. You drain its power.
You feel invigorated.
The orc priest is heavily wounded.
The orc wizard hits you with a +0 dagger.
* * * LOW HITPOINT WARNING * * *
The orc priest closely misses you.
You hit the orc priest but do no damage.
You bite the orc priest, but do no damage.
The orc priest is heavily wounded.
The orc wizard casts a spell at you. The puff of flame hits you!
* * * LOW HITPOINT WARNING * * *
The orc priest invokes the aid of Beogh against you.
Pain shoots through your body!
You die...

#############
#............
#....@.......
#...oo.......
#..........##
#.......r..#
#....##....#
#.... ....#
#.... ......
#.... ....##


You could see an orc priest, an orc wizard and a quokka.

Vanquished Creatures
  A scorpion (D:3)
  A centaur zombie (D:3)
  3 orc wizards (D:4)
  2 worker ants (D:4)
  A howler monkey skeleton (D:4)
  2 adders (D:3)
  2 oozes (D:2)
  An adder zombie (D:5)
  5 worms
  3 leopard geckos
  6 orcs
  A ball python (D:1)
  9 bats
  10 giant cockroaches
  8 goblins
  11 hobgoblins
  12 jackals
  2 quokkas (D:2)
  5 frilled lizards
  4 kobolds
  10 rats
99 creatures vanquished.

Notes
Turn   | Place    | Note
-------+----------+-------------------------------------------
     0 | D:1      | Gazerockf the Vine Stalker Monk began the quest for the
                  | Orb.
     0 | D:1      | Reached XP level 1. HP: 11/11 MP: 2/2
   233 | D:1      | Reached XP level 2. HP: 8/16 MP: 1/3
   530 | D:1      | Reached skill level 3 in Stealth
   949 | D:1      | Reached XP level 3. HP: 20/20 MP: 4/4
  1468 | D:2      | Found a faded altar of an unknown god.
  1479 | D:2      | Found a bloodstained altar of Trog.
  1706 | D:2      | Gained mutation: Your natural rate of healing is unusually
                  | fast. [Vine Stalker growth]
  1706 | D:2      | Reached XP level 4. HP: 14/24 MP: 3/5
  2022 | D:2      | You fall through a shaft for 2 floors!
  2056 | D:4      | Found Ysupn's Assorted Antiques.
  2076 | D:4      | Reached skill level 4 in Stealth
  2105 | D:4      | Reached skill level 5 in Stealth
  2105 | D:4      | Reached XP level 5. HP: 19/28 MP: 6/6
  2168 | D:4      | Found a staircase to the Ecumenical Temple.
  2178 | Temple   | Entered the Ecumenical Temple
  2224 | Temple   | Became a worshipper of Dithmenos the Shadowed
  2224 | Temple   | Reached * piety under Dithmenos
  2224 | Temple   | Reached ** piety under Dithmenos
  2653 | D:4      | Reached skill level 6 in Stealth
  2671 | D:4      | Found a shimmering altar of Xom.
  2705 | D:4      | Reached XP level 6. HP: 32/32 MP: 7/7
  3105 | D:3      | Found an iron altar of Okawaru.
  3129 | D:3      | Reached skill level 7 in Stealth
  3164 | D:3      | Found a glowing golden altar of the Shining One.
  3294 | D:3      | Reached skill level 8 in Stealth
  3709 | D:5      | Entered Level 5 of the Dungeon
  3773 | D:6      | HP: 1/32 [orc wizard/puff of flame (6)]
  3773 | D:6      | Killed from afar by an orc priest

Skill      XL: |  1  2  3  4  5  6 |
---------------+-------------------+-----
Fighting       | 3 |  3.4
Stealth        | 3 5 6 8 |  8.0
Short Blades   | 3 |  3.3
Dodging        | |  2.4

Action                   |  1- 3 |  4- 6 || total
-------------------------+-------+-------++-------
Melee: Short sword       |    98 |   238 ||   336
       Bite              |    27 |    82 ||   109
  Use: Scroll            |       |     6 ||     6
 Stab: Sleeping          |     6 |    16 ||    22
       Distracted        |       |     2 ||     2
  Eat: Chunk             |     2 |     7 ||     9
Armor: Robe              |    36 |   102 ||   138
Dodge: Dodged            |    57 |   221 ||   278
